 Dungeon Crawl Stone Soup version 0.16.1-11-g651b585 (webtiles) character file.

137 Nihil the Sneak (level 5, -1/24 HPs)
             Began as a Spriggan Enchanter on Apr 4, 2015.
             Killed by divine providence
             ... invoked by an orc priest
              (14 damage)
             ... on level 3 of the Dungeon.
             The game lasted 00:06:33 (1529 turns).

Nihil the Sneak (Spriggan Enchanter)                Turns: 1529, Time: 00:06:33

Health: -1/24      AC:  4    Str:  4    XL:     5   Next: 0%
Magic:  5/16       EV: 20    Int: 17    God:
Gold:   148        SH:  0    Dex: 17    Spells: 2 memorised, 7 levels left

rFire  . . .     SeeInvis +     f - +1 dagger (pain)
rCold  . . .     Clarity  .     b - +2 robe
rNeg   . . .     SustAb   .     (shield restricted)
rPois  .         Gourm    .     (helmet restricted)
rElec  .         Spirit   .     (no cloak)
rCorr  .         Warding  .     (gloves unavailable)
rMut   .         Stasis   .     (boots unavailable)
MR     .....                    (no amulet)
Stlth  ++++......               (no ring)
                                (no ring)

@: very quick, not resistant to hostile enchantments, stealthy
A: unfitting armour, see invisible, herbivore 3, speed 3, slow metabolism 2
a: no special abilities


You were on level 3 of the Dungeon.
You were not hungry.

You visited 1 branch of the dungeon, and saw 3 of its levels.

You collected 148 gold pieces.

Inventory:

Hand weapons
 a - a +1 dagger
 f - a +1 dagger of pain (weapon)
Armour
 b - a +2 robe (worn)
Scrolls
 e - a scroll of enchant armour
 g - 2 scrolls of identify
 h - a scroll of fear {unknown}
Books
 c - a book of Maledictions

   Spells                             Type                      Level
   a - Corona                         Hexes                        1
   b - Sure Blade                     Hexes/Charms                 2
   c - Ensorcelled Hibernation        Hexes/Ice                    2
   d - Confuse                        Hexes                        3
   e - Dazzling Spray                 Conjuration/Hexes            3
   f - Enslavement                    Hexes                        4
Comestibles
 d - a bread ration
 i - 2 slices of pizza


   Skills:
 + Level 0.2 Fighting
 + Level 1.8 Short Blades
 + Level 4.4 Dodging
 + Level 6.2 Stealth
 + Level 3.2 Spellcasting
 + Level 4.4 Hexes
 + Level 0.1 Ice Magic


You had 7 spell levels left.
You knew the following spells:

 Your Spells              Type           Power        Failure   Level  Hunger
a - Corona                Hex            ###....      2%          1    None
b - Ensorcelled Hibernat  Hex/Ice        ##....       12%         2    ##.....


Dungeon Overview and Level Annotations

Branches:
Dungeon (3/15)

Altars:
Gozag

Annotations:
D:3 Chiseanne's ghost, average TrFi


Innate Abilities, Weirdness & Mutations

You are tiny and cannot use many weapons and most armour.
You have supernaturally acute eyesight.
You are a herbivore.
You cover ground extremely quickly.
You need consume almost no food.


Message History

The orc resists with significant effort.
Casting: Ensorcelled Hibernation
Confirm with . or Enter, or press ? or * to list all spells.
Aiming: Ensorcelled Hibernation
Press: ? - help, Shift-Dir - straight line, f/p - orc
Aim: an orc, wielding a short sword (chance 59%)
The orc looks drowsy...
The orc wizard shouts!
The orc shouts!
You hear a shout!
You completely miss the orc. The orc completely misses you.
Found a scroll labeled MUTUNAPLIC.
An orc priest comes into view. It is wielding a war axe.
An orc wizard comes into view. It is wielding a dagger.
You see here a scroll labeled MUTUNAPLIC.
h - a scroll labeled MUTUNAPLIC The orc priest shouts!
The orc priest calls down the wrath of Beogh upon you.
Something smites you!
Ouch! That really hurt!
You die...

.... .. ......... .....###...
..........
...oo...............#...
....................)..
...................... #.......#
#......... #......# #......... .
#......# #......... ...
###...@..# #.........
....##.......###+####.......
.............#..............
.............#........(.....
........o............(.######
#######.....###.........(...# #
............###.............####
................................
........))....†........).....####


You could see an orc priest, an orc wizard and an orc.

Vanquished Creatures
  A gnoll (D:1)
  5 adders (D:2)
  A giant mite (D:2)
  3 worms
  2 giant geckos
  3 orcs (D:3)
  2 ball pythons
  4 bats
  2 giant cockroaches
  4 goblins
  10 hobgoblins
  9 kobolds
  6 giant newts
  5 rats
57 creatures vanquished.

Notes
Turn   | Place    | Note
--------------------------------------------------------------
     0 | D:1      | Nihil, the Spriggan Enchanter, began the quest for the Orb.
     0 | D:1      | Reached XP level 1. HP: 9/9 MP: 4/4
   156 | D:1      | Reached XP level 2. HP: 11/13 MP: 7/7
   193 | D:1      | Learned a level 2 spell: Ensorcelled Hibernation
   320 | D:1      | Reached skill level 5 in Stealth
   438 | D:1      | Reached XP level 3. HP: 12/16 MP: 9/9
   910 | D:2      | Reached XP level 4. HP: 17/21 MP: 9/12
  1049 | D:2      | Found an opulent altar of Gozag.
  1186 | D:3      | Noticed Chiseanne's ghost (average TrFi)
  1240 | D:3      | Reached skill level 6 in Stealth
  1501 | D:3      | Reached XP level 5. HP: 12/24 MP: 7/16
  1529 | D:3      | Killed from afar by an orc priest

Action                   |  1- 3 |  4- 6 || total
-------------------------+-------+-------++-------
Melee: Dagger            |    93 |   134 ||   227
 Cast: Ensorcelled Hiber |     6 |    16 ||    22
  Use: Scroll            |     5 |       ||     5
       Potion            |     1 |       ||     1
 Stab: Sleeping          |    10 |    16 ||    26
